 Dungeon Crawl Stone Soup version 0.26.0-9-gab577f9fc5 (webtiles) character file.

Game seed: 2015449258923852676

250 KamiKatze the Chopper (level 6, -10/39 HPs)
             Began as a Gargoyle Monk on Jan 13, 2021.
             Killed from afar by an orc (35 damage)
             ... with an exploding inner flame
             ... on level 3 of the Dungeon.
             The game lasted 00:10:13 (2849 turns).

KamiKatze the Chopper (Gargoyle Monk)               Turns: 2849, Time: 00:10:14

Health: -10/39     AC: 10    Str: 16    XL:     6   Next: 13%
Magic:  6/6        EV: 10    Int: 11    God:
Gold:   96         SH:  0    Dex: 12    Spells: 5/5 levels left

rFire    . . .     SeeInvis .   a - +0 hand axe
rCold    . . .     Faith    .   (no shield)
rNeg     + . .     Spirit   .   l - +0 scale mail
rPois    ∞         Reflect  .   (no helmet)
rElec    +         Harm     .   (no cloak)
rCorr    .         Rampage  .   (no gloves)
Will     .....                  (no boots)
Stlth    +.........             (no amulet)
HPRegen  0.13/turn              (no ring)
MPRegen  0.10/turn              (no ring)

@: no status effects
A: negative energy resistance 1, electricity resistance, unbreathing,
petrification resistance, miasma immunity, AC +4
a: no special abilities


You were on level 3 of the Dungeon.
You visited 1 branch of the dungeon, and saw 3 of its levels.

You collected 96 gold pieces.

Inventory:

Hand Weapons
 a - a +0 hand axe (weapon)
 j - a +0 war axe
Missiles
 c - 132 stones (quivered)
Armour
 b - a +0 chain mail
 l - a +0 scale mail (worn)
Scrolls
 d - a scroll of fog {unknown}
 h - 2 scrolls of identify
 k - a scroll of amnesia


   Skills:
 + Level 4.5 Fighting
 * Level 4.5 Axes
 + Level 1.7 Armour
 + Level 3.3 Dodging
 - Level 2.1 Stealth


You had 5 spell levels left.
You didn't know any spells.
Your spell library was empty.

Dungeon Overview and Level Annotations

Branches:
Dungeon (3/15)

Altars:

Annotations:
D:3 1 runed translucent door, Mandevil's ghost, weakling MiBr


Innate Abilities, Weirdness & Mutations

You are resistant to torment.
Your stone body is resilient. (AC +4)
You are immune to poison.
You resist negative energy. (rN+)
You are resistant to electric shocks. (rElec)
You can survive without breathing.
You are immune to petrification.
You are immune to miasma.


Message History

Unknown command.
An orc priest comes into view.
The orc shouts!
The orc priest shouts!
The orc barely misses you.
You aren't carrying any potions.
Unknown command.
As you read the scroll labelled UGARANT MIRIRR, it crumbles to dust.
The creatures around you are filled with an inner flame!
It was a scroll of immolation.
The orc completely misses you.
Unknown command.
The orc misses you.
You hit the orc.
Flame seeps out of the orc.
The orc is moderately wounded.
You completely miss the orc.
The orc is engulfed in blazing flames.
The orc explodes!
The fiery explosion engulfs the orc!!!
You kill the orc!
The fiery explosion engulfs you!!
Ouch! That really hurt!
You die...

#######..##.### #..#.#.##
#...###.# ##. # ##.## ##.
... #. #..###.#
###.############...#=[)
###......o.o..o...###.###
........§########.# ### #
##......@○o..# #.# #
#.#####§###.# #.# # # #.#
#. #o# # #.# #. #.# # #.#
#. #.# #
#.###.####o#######
#.....o...........
#####.####..###### #.
#..#


You could see 2 orc priests.

Vanquished Creatures
  A necrophage (D:2)
  2 orc wizards (D:3)
  4 adders
  A worm (D:2)
  A dart slug (D:2)
  A leopard gecko (D:2)
  6 orcs (D:3)
  2 giant cockroaches
  7 goblins
  9 hobgoblins
  9 jackals
  7 kobolds
  4 bats
  4 frilled lizards
  7 rats
65 creatures vanquished.

Notes
Turn   | Place    | Note
-------+----------+-------------------------------------------
     0 | D:1      | KamiKatze the Gargoyle Monk began the quest for the Orb.
     0 | D:1      | Reached XP level 1. HP: 14/14 MP: 1/1
   357 | D:1      | Reached XP level 2. HP: 19/19 MP: 2/2
   757 | D:1      | Reached XP level 3. HP: 23/23 MP: 3/3
  1288 | D:2      | Reached XP level 4. HP: 29/29 MP: 4/4
  2084 | D:3      | Noticed a necrophage
  2123 | D:2      | Killed a necrophage
  2124 | D:2      | Reached skill level 1 in Armour
  2124 | D:2      | Reached XP level 5. HP: 25/33 MP: 5/5
  2304 | D:3      | Found a runed translucent door.
  2307 | D:3      | Noticed Mandevil's ghost (weakling MiBr)
  2754 | D:3      | Reached XP level 6. HP: 36/39 MP: 6/6
  2849 | D:3      | Killed from afar by an orc

Illustrated notes

Levels and vault maps discovered:
D:1:      dpeg_arrival_water_temple_mockup, layout_loops_ring,
          minmay_pentomino_x2
D:2:      layout_basic, minmay_surrounded
D:3:      layout_loops_ring, hellmonk_ghost_happy_afterlife

Skill      XL: |  1  2  3  4 |
---------------+-------------+-----
Axes           | 3 4 |  4.5
Fighting       | 4 |  4.5
Dodging        | 3 |  3.3
Armour         | 1 |  1.7
Stealth        | |  2.1

Action                   |  1- 3 |  4- 6 || total
-------------------------+-------+-------++-------
Melee: Hand axe          |   112 |   142 ||   254
Throw: Stone             |       |     9 ||     9
  Use: Scroll            |       |     5 ||     5
       Potion            |       |     1 ||     1
 Stab: Sleeping          |     2 |     1 ||     3
       Distracted        |       |     1 ||     1
Armor: Robe              |    24 |       ||    24
       Leather armour    |    12 |    39 ||    51
Dodge: Dodged            |    94 |    89 ||   183
